 Dungeon Crawl Stone Soup version 0.15-a0-198-g2f4809b (webtiles) character file.

265 PolkaDot the Caller (level 4, -8/30 HPs)
             Began as a Vampire Summoner on Apr 23, 2014.
             Mangled by Duvessa
             ... wielding a +0,+0 short sword
              (11 damage)
             ... on Level 4 of the Dungeon.
             The game lasted 00:16:28 (2884 turns).

PolkaDot the Caller (Vampire Summoner)              Turns: 2884, Time: 00:16:28

HP  -8/30        AC  3     Str  7      XL: 4   Next: 78%
MP   1/7         EV 12     Int 23      God:
Gold 143         SH  0     Dex 14      Spells:  2 memorised,  3 levels left

rFire  x . .     SeeInvis +     q - +0,+1 spear
rCold  + + .     Clarity  .     a - +0 robe
rNeg   + + .     Conserve .     (no shield)
rPois  .         rCorr    .     d - +0 helmet
rElec  .         rRot     .     (no cloak)
SustAb . .       Spirit   .     (no gloves)
rMut   .         Warding  +     (no boots)
Saprov . . .     Stasis   .     o - amulet of warding
MR     .....                    s - ring of ice
                                e - ring of protection from cold {unknown}

@: about to teleport, invisible, brilliant, flying, very slightly contaminated,
not resistant to hostile enchantments, stealthy
A: fangs 3, see invisible, unbreathing
a: Bat Form


You were on level 4 of the Dungeon.
You were not thirsty.

You visited 1 branch of the dungeon, and saw 4 of its levels.

You collected 143 gold pieces.

Inventory:

Hand weapons
 q - a +0,+1 spear (weapon)
Armour
 a - a +0 robe (worn)
 d - a +0 helmet (worn)
Scrolls
 j - a scroll of teleportation
 l - 3 scrolls of noise
 m - a scroll of remove curse
 p - a scroll of identify
Jewellery
 e - a ring of protection from cold (left hand) {unknown}
 o - an amulet of warding (around neck)
 s - a ring of ice (right hand)
Potions
 f - a potion of restore abilities
 t - a potion of flight
Books
 b - a book of Callings

   Spells                             Type                      Level
   *Summon Small Mammal               Summoning                    1
   Call Imp                           Summoning                    2
   *Call Canine Familiar              Summoning                    3
   Summon Guardian Golem              Hexes/Summoning              4
   Summon Lightning Spire             Summoning/Air                4
   Summon Ice Beast                   Ice/Summoning                4


   Skills:
   Level 2.3 Short Blades
 - Level 2.1 Dodging
 - Level 3.0 Stealth
 - Level 2.0 Spellcasting
 * Level 5.7 Summonings


You had 3 spell levels left.
You knew the following spells:

 Your Spells              Type           Power        Failure   Level  Hunger
a - Summon Small Mammal   Summ           ####         1%          1    #......
d - Call Canine Familiar  Summ           #####...     1%          3    ###....


Dungeon Overview and Level Annotations

Branches:
Dungeon (4/15)
 Temple: D:4-7

Altars:
Dithmenos
Elyvilon
Fedhas
Kikubaaqudgha
Nemelex Xobeh

Annotations:
D:4 Dowan, Duvessa


Innate Abilities, Weirdness & Mutations

You have razor-sharp teeth.*
You have supernaturally acute eyesight.
You can survive without breathing.*


Message History

Dowan barely misses you. Duvessa hits you with a short sword.
* * * LOW HITPOINT WARNING * * *
Your rat bites Duvessa but does no damage.
Your wolf bites Duvessa.
Read which item? (? for menu, Esc to quit)
As you read the scroll of teleportation, it crumbles to dust.
You feel strangely unstable.
Your wolf bites Duvessa but does no damage.
Duvessa hits you but does no damage. Dowan hits you with a falchion.
* * * LOW HITPOINT WARNING * * *
Your rat bites Duvessa but does no damage.
Your wolf barely misses Duvessa.
Drink which item? (? for menu, Esc to quit)
Okay, then.
Read which item? (? for menu, Esc to quit)
As you read the scroll labeled APEXTA LUCUQA, it crumbles to dust.
The scroll dissolves into smoke.
It was a scroll of fog.
You are no longer glowing.
Duvessa hits you with a short sword!
You die...

*,,§_§§§......#**#...<.
*#.#.#§#......##...#...
*#§§.#.)..............
*#.#...##.####...#...
#*#...##.####...#.##
#......%..........
#rh.............e.
#e####...######.##
#@e§.............,
######...######.#*
#####* ***,** *,, **,,,
*,,,**,,, *,, **,,,
*,,,,,,,, *,**,,,**
***,**,,,*


You could see Duvessa, Dowan, a friendly wolf and a friendly rat.

Vanquished Creatures
  A worker ant (D:3)
  A hound skeleton (D:4)
  2 adders
  A giant gecko (D:2)
  2 orcs (D:3)
  3 bats
  5 goblins
  3 hobgoblins
  A quokka (D:2)
  3 ball pythons
  3 giant cockroaches
  3 giant newts
  7 kobolds
  4 rats
39 creatures vanquished.

Vanquished Creatures (collateral kills)
  2 worker ants (D:4)
  An ooze (D:2)
  5 orcs
  A bat (D:1)
  A giant cockroach (D:2)
  2 goblins (D:1)
  2 hobgoblins (D:1)
  3 kobolds
  2 rats
19 creatures vanquished.

Vanquished Creatures (others)
  A hound (D:3)
  5 bats
  2 quokkas (D:1)
  5 rats
13 creatures vanquished.

Grand Total: 71 creatures vanquished

Notes
Turn   | Place    | Note
--------------------------------------------------------------
     0 | D:1      | PolkaDot, the Vampire Summoner, began the quest for the Orb.
     0 | D:1      | Reached XP level 1. HP: 13/13 MP: 3/3
   179 | D:1      | Reached skill level 1 in Short Blades
   489 | D:1      | Reached XP level 2. HP: 10/19 MP: 4/4
  1131 | D:1      | Found a sparkling altar of Nemelex Xobeh.
  1343 | D:2      | Reached XP level 3. HP: 21/24 MP: 6/6
  1376 | D:2      | Learned a level 3 spell: Call Canine Familiar
  2168 | D:3      | Found a white marble altar of Elyvilon.
  2174 | D:3      | Found a blossoming altar of Fedhas.
  2180 | D:3      | Found an ancient bone altar of Kikubaaqudgha.
  2278 | D:3      | Reached skill level 5 in Summonings
  2510 | D:3      | Reached XP level 4. HP: 30/30 MP: 3/7
  2693 | D:4      | Found a shadowy altar of Dithmenos.
  2854 | D:4      | Noticed Duvessa
  2856 | D:4      | Noticed Dowan
  2884 | D:4      | Mangled by Duvessa

Action                   |  1- 3 |  4- 6 || total
-------------------------+-------+-------++-------
Melee: Dagger            |   138 |       ||   138
       Spear             |    47 |    23 ||    70
 Cast: Summon Small Mamm |    50 |     1 ||    51
       Call Canine Famil |     2 |     4 ||     6
  Use: Scroll            |       |     8 ||     8
       Potion            |       |     7 ||     7
 Stab: Sleeping          |     4 |       ||     4
       Distracted        |     2 |       ||     2
